Map: Blackburn LE

Players

Lambo - Winner!

  • Race: Zerg Zerg

DnS

  • Race: Protoss Protoss

Event: DreamHack SC2 Masters 2021 Fall

VOD

Have the link to the VOD?

Description

Time

  • Played on: Aug. 1, 2021, 11:51 a.m.
  • Length: 33:55

All games in this series

Show
View Real Time Build Order
Export as new Build Order

Lambo Zerg - Winner!

Build Orders: Hatch First, Lurkers 

Get SALT Encoding   

  12  0:00  Drone  
  13  0:12  Overlord  
  13  0:17  Drone  
  14  0:30  Drone x2  
  17  0:42  Drone  
  17  0:51  Hatchery  
  17  0:55  Drone  
  17  0:58  Drone  
  18  1:09  Extractor  
  17  1:14  Spawning Pool  
  17  1:16  Drone  
  17  1:21  Drone  
  18  1:28  Drone  
  19  1:42  Drone  
  20  1:53  Overlord  
  20  2:00  Queen  
  22  2:04  Queen, Drone  
  22  2:05  Zergling x2  
  26  2:13  Zergling x2, Metabolic Boost  
  26  2:14  Drone  
  28  2:22  Drone  
  29  2:27  Drone  
  30  2:36  Hatchery  
  29  2:39  Drone  
  29  2:42  Drone  
  31  2:46  Overlord  
  31  2:48  Drone  
  32  2:55  Queen  
  34  2:58  Drone  
  34  2:59  Drone  
  36  3:06  Queen  
  36  3:12  Overlord  
  38  3:16  Drone  
  38  3:18  Drone x3  
  41  3:22  Overlord  
  41  3:25  Drone  
  42  3:28  Drone  
  42  3:30  Drone  
  42  3:31  Drone  
  45  3:36  Queen  
  47  3:48  Queen  
  49  3:49  Drone  
  49  3:50  Drone x2  
  52  3:57  Drone, Overlord  
  52  3:58  Drone x2  
  52  4:01  Drone x2  
  57  4:05  Spore Crawler  
  57  4:08  Drone x2  
  58  4:17  Overlord  
  58  4:19  Zergling x4  
  58  4:20  Zergling x4  
  58  4:22  Drone  
  63  4:24  Roach Warren  
  63  4:25  Extractor  
  63  4:27  Extractor, Queen  
  63  4:29  Drone  
  63  4:30  Drone  
  64  4:33  Overlord  
  64  4:35  Overlord  
  64  4:37  Drone  
  65  4:41  Drone  
  65  4:42  Spore Crawler, Drone  
  65  4:43  Drone  
  65  4:44  Drone  
  68  4:47  Spore Crawler  
  68  4:49  Drone x2  
  68  4:51  Drone  
  70  4:53  Extractor  
  70  4:56  Drone  
  70  4:58  Queen  
  72  5:01  Drone  
  72  5:06  Queen  
  74  5:07  Roach  
  74  5:09  Overlord  
  74  5:12  Roach  
  78  5:17  Roach x2  
  78  5:19  Roach  
  84  5:21  Roach  
  84  5:23  Roach  
  84  5:26  Overlord  
  88  5:29  Roach  
  88  5:31  Ravager x2  
  88  5:32  Roach  
  88  5:35  Overlord, Roach  
  96  5:39  Overlord  
  96  5:41  Zergling x2  
  97  5:44  Zergling x6  
  97  5:47  Ravager x4  
  97  5:49  Overlord  
  104  5:56  Queen  
  106  6:01  Zergling x12  
  112  6:08  Queen  
  113  6:11  Zergling x4  
  113  6:12  Zergling x4  
  113  6:18  Queen  
  113  6:21  Drone x4  
  118  6:29  Drone x6  
  118  6:30  Drone  
  125  6:36  Drone x4  
  129  6:45  Overlord  
  129  6:46  Overlord  
  129  6:51  Spore Crawler, Lair  
  129  6:52  Spore Crawler  
  127  6:54  Spore Crawler  
  127  7:01  Queen x2  
  126  7:03  Overlord  
  128  7:18  Overlord  
  128  7:20  Spore Crawler, Drone x9  
  128  7:21  Spore Crawler, Extractor  
  128  7:22  Extractor  
  133  7:30  Hatchery  
  133  7:32  Overlord  
  133  7:33  Spore Crawler, Drone  
  133  7:36  Drone x2  
  133  7:37  Queen  
  129  7:39  Queen  
  129  7:43  Evolution Chamber  
  131  7:44  Drone  
  131  7:45  Evolution Chamber  
  131  7:50  Drone x5  
  134  7:59  Drone x2  
  134  8:00  Drone x2  
  134  8:02  Drone x3  
  134  8:03  Drone x2  
  140  8:08  Hydralisk Den  
  140  8:09  Drone x2, Infestation Pit  
  140  8:13  Drone  
  140  8:15  Drone x2  
  140  8:18  Zerg Missile Weapons Level 1  
  143  8:23  Zerg Ground Armor Level 1  
  143  8:24  Overlord  
  142  8:35  Drone x9  
  142  8:39  Drone x2  
  153  8:47  Muscular Augments  
  153  8:48  Hive  
  150  8:49  Extractor x2  
  150  8:51  Hydralisk x4  
  150  8:55  Hydralisk x2  
  154  9:08  Hydralisk  
  154  9:09  Hydralisk x3  
  162  9:14  Hatchery  
  161  9:18  Hydralisk x3  
  161  9:23  Lurker Den  
  166  9:32  Hydralisk  
  168  9:45  Overlord x2, Spire  
  167  9:46  Overlord  
  167  9:58  Grooved Spines  
  166  10:08  Viper x4  
  166  10:10  Overlord  
  177  10:22  Seismic Spines  
  177  10:26  Zerg Ground Armor Level 2, Zerg Missile Weapons Level 2  
  175  10:29  Extractor x2  
  171  10:36  Spore Crawler, Drone  
  171  10:37  Spore Crawler, Drone x5  
  173  10:48  Lurker x5  
  173  10:49  Lurker x3  
  181  10:51  Drone  
  181  10:52  Drone x2, Overlord  
  181  10:53  Hydralisk x6  
  181  10:56  Lurker x2  
  190  11:07  Spine Crawler  
  190  11:08  Spine Crawler  
  190  11:09  Spine Crawler  
  190  11:10  Spore Crawler  
  186  11:13  Overseer  
  186  11:14  Zerg Flyer Armor Level 1  
  186  11:18  Hydralisk x6  
  186  11:20  Adaptive Talons  
  186  11:21  Overseer  
  186  11:22  Overseer  
  198  11:31  Overseer  
  195  11:48  Hydralisk  
  186  12:11  Hydralisk x6  
  195  12:22  Viper x2  
  167  12:23  Hydralisk x16  
  167  12:26  Roach x5  
  187  12:31  Roach  
  187  12:32  Roach x9  
  191  12:42  Roach x5  
  191  12:43  Lurker x2  
  195  13:00  Hatchery  
  195  13:01  Overlord  
  195  13:02  Extractor  
  193  13:14  Glial Reconstitution  
  193  13:15  Zerg Missile Weapons Level 3  
  193  13:16  Zerg Ground Armor Level 3, Zerg Flyer Weapons Level 1  
  187  13:31  Overlord x3  
  187  13:38  Overlord x2  
  186  13:51  Extractor  
  186  13:52  Overseer  
  190  13:55  Lurker x5  
  190  14:00  Drone x10  
  200  14:09  Spine Crawler  
  199  14:10  Spine Crawler  
  199  14:11  Spine Crawler  
  196  14:48  Roach x3  
  196  14:54  Roach  
  196  14:55  Roach x2  
  188  15:10  Hydralisk x6  
  197  15:22  Zerg Flyer Armor Level 2  
  197  15:24  Spore Crawler, Spine Crawler  
  197  15:27  Drone x3, Spine Crawler  
  195  15:34  Lurker x2  
  195  15:35  Lurker x5  
  200  15:36  Hatchery  
  200  15:38  Extractor  
  198  15:45  Drone x2  
  198  15:47  Spore Crawler  
  198  15:48  Spore Crawler x2  
  197  15:58  Corruptor  
  179  16:14  Corruptor x11  
  179  16:18  Zerg Melee Weapons Level 1  
  173  16:20  Spire  
  173  16:22  Lurker x5  
  173  16:23  Corruptor x4  
  173  16:24  Viper  
  174  16:25  Overseer  
  174  16:28  Roach  
  174  16:29  Roach x8  
  192  16:33  Spine Crawler  
  192  16:34  Spine Crawler  
  192  16:39  Corruptor x5  
  200  16:43  Overseer  
  200  16:50  Pathogen Glands  
  200  17:37  Pneumatized Carapace  
  200  17:47  Neural Parasite  
  200  17:56  Zerg Flyer Weapons Level 2, Greater Spire  
  200  17:58  Overseer x2  
  197  18:13  Zerg Melee Weapons Level 2  
  197  18:17  Overseer  
  197  18:34  Viper  
  190  18:56  Drone x5  
  190  18:57  Drone, Corruptor  
  190  18:58  Corruptor  
  195  19:23  Zerg Flyer Armor Level 3  
  193  19:41  Corruptor x3  
  190  19:59  Lurker  
  185  20:07  Overseer  
  185  20:09  Brood Lord x7  
  191  20:15  Spore Crawler  
  191  20:16  Spore Crawler x2  
  185  20:25  Corruptor x8  
  195  20:33  Roach x3  
  199  20:54  Spine Crawler  
  199  20:55  Spine Crawler  
  197  21:06  Brood Lord  
  196  21:43  Adrenal Glands  
  196  21:44  Zerg Flyer Weapons Level 3, Zerg Melee Weapons Level 3  
  196  21:59  Drone x3  
  196  22:01  Spore Crawler x3  
  197  22:02  Spore Crawler  
  186  22:19  Infestor x6  
  186  22:20  Infestor  
  200  22:58  Spore Crawler, Burrow  
  200  22:59  Spore Crawler  
  200  23:00  Spore Crawler x4  
  200  23:01  Spore Crawler  
  200  23:02  Spore Crawler  
  200  23:03  Spore Crawler  
  191  23:19  Brood Lord  
  181  23:22  Corruptor x5  
  181  23:25  Brood Lord  
  193  23:28  Drone x2  
  193  23:29  Spine Crawler  
  193  23:32  Corruptor x3  
  193  23:43  Overlord x2  
  190  23:57  Corruptor x3  
  190  24:01  Overseer  
  196  24:03  Overseer  
  187  24:43  Infestor x3  
  193  24:47  Corruptor x3  
  199  24:59  Overseer  
  199  25:00  Overseer  
  191  25:25  Brood Lord x3  
  197  25:44  Zergling x6  
  197  25:47  Extractor  
  199  25:50  Hatchery  
  199  25:51  Extractor  
  199  25:57  Overseer  
  194  26:26  Overlord x3  
  155  26:49  Corruptor x16  
  177  26:58  Zergling x20  
  187  27:14  Zergling x24  
  181  27:32  Zergling x2  
  181  27:33  Zergling x18  
  181  27:36  Viper  
  181  27:37  Viper  
  165  27:38  Overseer  
  165  27:42  Queen x4  
  155  27:46  Drone x2  
  155  27:47  Drone x4  
  161  27:51  Viper  
  161  27:52  Viper, Hydralisk  
  161  27:53  Hydralisk x2  
  161  27:54  Queen  
  175  28:12  Zergling x8  
  174  28:23  Drone  
  174  28:24  Overlord x2  
  175  28:39  Overlord  
  177  28:48  Brood Lord  
  177  28:49  Brood Lord x7  
  191  29:06  Queen  
  191  29:07  Queen x4  
  199  29:28  Overseer  
  199  29:31  Extractor, Hatchery  
  199  29:34  Extractor  
  196  29:52  Zergling x6  
  197  30:03  Infestor  
  197  30:38  Zergling x14  
  198  31:09  Zergling x2  
  198  31:10  Zergling x4, Drone x3  
  198  31:11  Drone x2  
  188  31:29  Queen  
  189  31:36  Infestor x2, Brood Lord  
  195  31:42  Queen x2  
  197  32:02  Drone  
  188  32:12  Brood Lord x4  
  188  32:13  Queen x2  
  196  32:35  Queen  
  187  33:12  Hydralisk x15  
  149  33:17  Zergling x26  
  149  33:18  Zergling x6  
  173  33:22  Zergling x12  
  175  33:27  Zergling x8  
Show
View Real Time Build Order
Export as new Build Order

DnS Protoss 

Build Orders: 1 Gate Expand, Carriers 

Get SALT Encoding   

  12  0:00  Probe  
  13  0:12  Probe  
  14  0:20  Pylon  
  14  0:24  Probe  
  15  0:38  Probe (Chrono Boost)  
  16  0:43  Gateway  
  16  0:47  Probe (Chrono Boost)  
  17  0:52  Assimilator, Probe (Chrono Boost)  
  18  1:04  Probe  
  19  1:16  Probe  
  20  1:27  Nexus  
  20  1:38  Cybernetics Core  
  20  1:41  Probe  
  21  1:49  Assimilator  
  21  1:53  Probe  
  22  1:57  Pylon  
  22  2:05  Probe (Chrono Boost)  
  23  2:12  Adept (Chrono Boost)  
  25  2:17  Probe (Chrono Boost)  
  25  2:20  Stargate  
  26  2:23  Probe (Chrono Boost)  
  27  2:33  Probe (Chrono Boost)  
  27  2:36  Adept  
  30  2:40  Probe (Chrono Boost)  
  32  2:49  Probe (Chrono Boost)  
  32  2:50  Probe (Chrono Boost)  
  33  2:55  Probe  
  33  2:56  Probe  
  35  3:00  Void Ray (Chrono Boost)  
  35  3:01  Protoss Air Weapons Level 1  
  35  3:08  Probe  
  40  3:16  Probe  
  41  3:20  Pylon, Probe  
  41  3:24  Gateway  
  42  3:28  Probe  
  42  3:32  Void Ray (Chrono Boost), Probe  
  44  3:40  Probe  
  49  3:44  Probe  
  50  3:52  Probe  
  51  3:56  Probe  
  51  3:57  Nexus  
  51  4:01  Pylon  
  52  4:06  Probe  
  53  4:13  Stargate, Probe  
  53  4:15  Assimilator  
  53  4:16  Assimilator  
  54  4:19  Probe  
  54  4:22  Phoenix  
  57  4:27  Probe  
  57  4:30  Pylon  
  58  4:31  Probe  
  58  4:33  Shield Battery  
  59  4:39  Probe  
  59  4:43  Probe  
  61  4:48  Phoenix (Chrono Boost)  
  61  4:51  Probe  
  64  4:54  Warp Gate  
  64  4:55  Shield Battery, Probe  
  64  4:57  Phoenix (Chrono Boost)  
  67  5:02  Forge  
  67  5:03  Probe  
  68  5:09  Probe  
  68  5:10  Phoenix (Chrono Boost), Probe  
  72  5:14  Phoenix (Chrono Boost)  
  72  5:15  Probe  
  76  5:21  Probe  
  76  5:24  Robotics Facility  
  76  5:26  Probe  
  76  5:28  Probe  
  78  5:33  Probe  
  78  5:34  Pylon  
  79  5:37  Phoenix  
  79  5:38  Probe  
  79  5:40  Probe  
  79  5:42  Phoenix  
  85  5:46  Pylon  
  85  5:48  Pylon  
  85  5:52  Probe x2  
  85  5:53  Twilight Council  
  86  6:04  Shield Battery  
  86  6:06  Shield Battery  
  86  6:08  Shield Battery  
  89  6:15  Immortal (Chrono Boost)  
  93  6:19  Shield Battery  
  93  6:21  Shield Battery  
  93  6:23  Pylon  
  90  6:26  Phoenix  
  90  6:27  Phoenix  
  90  6:31  Probe x2  
  90  6:32  Probe  
  79  6:42  Adept x2  
  79  6:45  Photon Cannon  
  79  6:46  Photon Cannon  
  82  6:49  Photon Cannon  
  82  6:50  Pylon  
  82  6:59  Pylon  
  82  7:00  Pylon  
  81  7:08  Phoenix  
  81  7:14  Protoss Ground Weapons Level 1 (Chrono Boost)  
  83  7:16  Probe  
  83  7:17  Charge, Probe  
  83  7:19  Sentry x2  
  89  7:27  Pylon  
  89  7:29  Pylon, Probe  
  90  7:30  Pylon  
  90  7:35  Probe  
  91  7:41  Probe  
  92  7:48  Probe  
  92  7:49  Robotics Bay  
  93  7:53  Probe  
  93  7:57  Nexus  
  94  7:59  Pylon  
  94  8:00  Probe  
  94  8:05  Probe  
  94  8:12  Probe  
  95  8:13  Pylon  
  95  8:17  Probe  
  97  8:20  Observer (Chrono Boost)  
  97  8:24  Probe  
  98  8:28  Zealot  
  98  8:29  Probe  
  98  8:34  Disruptor (Chrono Boost)  
  101  8:36  Probe  
  105  8:41  Probe  
  105  8:47  Gateway  
  107  8:48  Probe  
  107  8:50  Gateway x2  
  107  8:53  Probe  
  107  8:55  Gateway  
  108  8:57  Shield Battery  
  108  9:00  Probe  
  108  9:02  Assimilator  
  109  9:04  Assimilator  
  109  9:05  Probe  
  109  9:09  Templar Archives  
  110  9:10  Disruptor (Chrono Boost)  
  115  9:20  Protoss Ground Weapons Level 2 (Chrono Boost)  
  113  9:24  Gateway  
  113  9:25  Gateway  
  113  9:27  Gateway  
  113  9:37  Nexus  
  113  9:40  Disruptor (Chrono Boost)  
  113  9:42  Pylon  
  116  9:49  Pylon  
  115  9:55  High Templar x3  
  115  9:56  High Templar  
  115  9:59  Archon  
  123  10:00  Archon  
  123  10:01  Zealot x2  
  127  10:07  Colossus (Chrono Boost)  
  127  10:08  Fleet Beacon  
  133  10:27  High Templar x2  
  133  10:28  Zealot x4  
  143  10:32  Archon  
  145  10:36  Zealot x3  
  147  10:44  Observer  
  147  10:52  Carrier x2 (Chrono Boost)  
  157  10:58  Photon Cannon  
  157  10:59  Probe x3  
  157  11:00  Probe  
  161  11:11  Probe  
  161  11:13  Photon Cannon  
  161  11:14  Photon Cannon  
  161  11:15  Shield Battery  
  162  11:19  Protoss Air Weapons Level 2  
  162  11:20  Probe  
  166  11:26  Immortal (Chrono Boost)  
  166  11:29  High Templar x2  
  166  11:30  Zealot x2  
  171  11:35  Archon  
  171  11:37  Photon Cannon  
  171  11:45  Zealot x5  
  175  11:54  High Templar x2  
  175  11:56  Observer (Chrono Boost)  
  175  11:57  Pylon  
  175  11:59  Pylon  
  180  12:04  Archon  
  164  12:11  Zealot x3  
  164  12:12  Zealot  
  164  12:14  Immortal (Chrono Boost)  
  173  12:16  Zealot x3  
  173  12:28  Carrier (Chrono Boost)  
  155  12:33  High Templar x2, Zealot  
  155  12:34  Zealot x2  
  159  12:38  Archon  
  159  12:42  Zealot x2  
  159  12:43  Zealot  
  165  12:52  Observer (Chrono Boost)  
  165  12:54  Zealot x4  
  165  12:55  Protoss Ground Weapons Level 3 (Chrono Boost)  
  174  13:05  Assimilator  
  174  13:06  Assimilator  
  174  13:10  Carrier (Chrono Boost)  
  180  13:21  Immortal  
  161  13:40  High Templar  
  161  13:41  High Templar x3, Zealot x4  
  169  13:42  Zealot  
  169  13:46  Archon x2  
  179  14:00  Nexus  
  179  14:01  Immortal  
  179  14:02  Pylon  
  183  14:12  Zealot x5  
  183  14:13  Zealot x2  
  197  14:18  Psionic Storm  
  197  14:20  Photon Cannon  
  197  14:22  Probe x2  
  197  14:23  Shield Battery, Probe  
  192  14:38  High Templar  
  192  14:39  High Templar x3  
  194  14:47  High Templar  
  194  14:55  Zealot x3  
  200  15:05  Shield Battery  
  198  15:16  Observer  
  193  15:24  Photon Cannon  
  189  15:28  Photon Cannon  
  189  15:30  Photon Cannon  
  189  15:31  Assimilator  
  189  15:32  Assimilator, Carrier x2 (Chrono Boost)  
  189  15:35  Mothership (Chrono Boost)  
  191  15:40  Protoss Air Weapons Level 3 (Chrono Boost)  
  196  15:58  Zealot x2  
  191  16:29  Protoss Shields Level 1 (Chrono Boost)  
  191  16:32  Shield Battery, Photon Cannon  
  191  16:34  Photon Cannon  
  191  16:36  Photon Cannon  
  191  16:41  High Templar x4  
  191  16:45  Archon  
  191  16:46  Archon  
  199  17:04  Pylon  
  199  17:09  Stargate x2  
  199  17:10  Observer  
  191  17:41  Photon Cannon  
  191  17:43  Photon Cannon  
  191  17:45  Shield Battery  
  191  17:51  Carrier (Chrono Boost)  
  189  17:57  Nexus  
  200  17:59  Photon Cannon  
  200  18:01  Photon Cannon, Carrier (Chrono Boost)  
  200  18:04  Protoss Air Armor Level 1 (Chrono Boost)  
  198  18:06  Carrier (Chrono Boost)  
  200  18:16  Shield Battery  
  200  18:18  Shield Battery  
  200  18:20  Photon Cannon  
  200  18:22  Photon Cannon  
  200  18:24  Photon Cannon  
  198  18:27  Pylon  
  190  18:36  Zealot x5  
  196  18:53  Photon Cannon  
  196  18:55  Photon Cannon  
  196  18:57  Photon Cannon  
  196  18:58  Photon Cannon  
  198  19:13  Carrier (Chrono Boost)  
  198  19:15  Oracle (Chrono Boost)  
  198  19:16  Carrier (Chrono Boost)  
  198  19:20  Protoss Shields Level 2 (Chrono Boost)  
  198  19:23  Pylon  
  192  19:38  Assimilator  
  186  19:39  Assimilator  
  185  19:57  Zealot x7  
  199  20:13  Blink  
  198  20:20  Protoss Air Armor Level 2 (Chrono Boost)  
  197  20:21  Assimilator  
  197  20:43  Stargate  
  197  20:49  Pylon  
  195  20:54  Stargate  
  195  20:55  Stargate  
  183  21:02  Robotics Facility  
  183  21:08  Zealot x8  
  199  21:14  Photon Cannon  
  199  21:15  Shield Battery  
  199  21:16  Photon Cannon  
  199  21:17  Photon Cannon  
  190  21:29  Flux Vanes  
  196  21:56  Tempest (Chrono Boost)  
  196  21:59  Protoss Shields Level 3  
  194  22:03  Tempest (Chrono Boost)  
  192  22:17  Dark Shrine  
  195  22:24  Tempest (Chrono Boost)  
  195  22:34  Protoss Air Armor Level 3 (Chrono Boost)  
  191  23:02  Tempest  
  189  24:06  Unknown  
  189  24:11  Zealot x5  
  199  24:34  Shield Battery  
  199  24:36  Shield Battery  
  197  24:39  Void Ray x2 (Chrono Boost)  
  185  24:49  Void Ray x2 (Chrono Boost)  
  187  25:00  Gateway  
  187  25:01  Gateway  
  187  25:02  Gateway  
  187  25:12  Void Ray x2  
  180  25:16  Mothership (Chrono Boost)  
  200  25:26  Oracle  
  200  25:28  Gateway  
  199  25:36  Protoss Ground Armor Level 1 (Chrono Boost)  
  199  25:43  Nexus  
  199  25:44  Pylon  
  199  25:47  Nexus  
  199  25:48  Pylon  
  199  25:51  Assimilator  
  199  25:55  Pylon  
  197  26:06  Shield Battery x3  
  197  26:07  Shield Battery  
  191  26:21  Zealot  
  191  26:22  Zealot x3  
  194  26:28  Shield Battery  
  177  26:44  Void Ray x5 (Chrono Boost)  
  159  26:49  Stalker x9  
  159  26:50  Stalker x3  
  139  27:02  Stalker  
  123  27:27  Stalker x9  
  99  27:43  High Templar x3  
  101  27:55  High Templar  
  103  28:18  Tempest x5 (Chrono Boost)  
  114  28:38  Zealot  
  116  28:43  Observer  
  117  28:56  High Templar  
  117  28:57  High Templar x5  
  117  28:58  High Templar x2  
  117  29:00  Archon  
  117  29:01  Archon x2  
  133  29:04  Nexus  
  133  29:07  Pylon, Archon  
  131  29:11  High Templar  
  131  29:12  High Templar  
  131  29:15  Archon  
  135  29:19  Observer  
  136  29:29  Stalker x2  
  139  30:00  Tempest  
  144  30:19  High Templar x2  
  146  30:23  Void Ray  
  146  30:24  Archon  
  146  30:25  Shield Battery  
  146  30:28  Shield Battery  
  145  30:32  Zealot  
  149  30:46  Tempest  
  154  30:50  Zealot  
  146  31:35  Void Ray  
  146  31:38  Observer  
  151  31:53  Oracle  
  148  32:10  Observer  
  148  32:12  Nexus  
  148  32:19  Assimilator  
  148  32:20  Assimilator  
  137  33:05  Observer  
  137  33:10  Archon  
  114  33:13  Stalker  
  114  33:15  Zealot x6  
  64  33:43  Zealot  
  64  33:44  Zealot  

Tags
 
Add a new tag
Caveats
  • Supply blocks, unpowered buildings, or Contaminate may cause inaccurate times.
  • Supply counts are checked every 10 seconds.